 Dungeon Crawl Stone Soup version 0.30.0-29-ga12c61a403 (webtiles) character file.

Game seed: 8609485039841863598

549312 LustLizard the Metallomancer (level 26, -14/151 HPs)
             Began as a Gargoyle Earth Elementalist on June 20, 2023.
             Was the Champion of Makhleb.
             Killed from afar by an orb of fire (61 damage)
             ... with a fireball
             ... on level 2 of the Realm of Zot on June 21, 2023.
             The game lasted 04:21:15 (83828 turns).

LustLizard the Metallomancer (GrEE)                Turns: 83828, Time: 04:21:17

Health: -14/151    AC: 60    Str: 13    XL:     26   Next: 26%
Magic:  6/38       EV: 24    Int: 36    God:    Makhleb [******]
Gold:   4769       SH: 18    Dex: 13    Spells: 6/48 levels left

rFire   . . .        l - +8 trident of the Unspeakable One {flame, +Blink rF+ Will+}
rCold   + . .        q - +5 kite shield {AC+3}
rNeg    + + +        b - +10 pearl dragon scales of the Bulwark {rElec rPois rC+ rN+}
rPois   ∞            Z - +2 hat {SInv}
rElec   +            C - +0 cloak of the Valley {rF- rN+ Will+ Int+4}
rCorr   .            Q - +2 pair of gloves {hurl}
SInv    +            h - +2 pair of slick slippers {slick, slippery, EV+4}
Will    +++..        d - amulet "Boboc" {RegenMP Int+4}
Stlth   +++          M - +4 ring of protection
HPRegen 0.45/turn    I - ring of the Hare {EV+10}
MPRegen 0.66/turn

%: no passive effects
@: flying, very slightly contaminated, unable to read
A: sickness immunity, AC +20, big wings, negative energy resistance 1,
electricity resistance, torment resistance 1, petrification resistance, fangs 1,
agile 1, clever 1, frail 1, sense surroundings 1, screaming 1, inability to read
after injury 1, MP-powered wands
}: 3/15 runes: decaying, serpentine, silver
a: Renounce Religion, Evoke Blink, Minor Destruction, Lesser Servant of Makhleb,
Major Destruction, Greater Servant of Makhleb


You were on level 2 of the Realm of Zot.
You worshipped Makhleb.
Makhleb was exalted by your worship.
You visited 12 branches of the dungeon, and saw 51 of its levels.
You also visited: Bailey and Ice Cave.

You collected 7644 gold pieces.
You spent 2875 gold pieces at shops.

Inventory:

Hand Weapons
 l - the +8 trident of the Unspeakable One (weapon) {flame, +Blink rF+ Will+}
   (You took it off a deep elf elementalist on level 3 of the Elven Halls)

   rF:        It protects you from fire.
   +Blink:    It lets you blink.
   Will:      It increases your willpower.
Armour
 b - the +10 pearl dragon scales of the Bulwark (worn) {rElec rPois rC+ rN+}
   (You found it in a bailey)

   rC:        It protects you from cold.
   rElec:     It insulates you from electricity.
   rPois:     It protects you from poison.
   rN:        It protects you from negative energy.
 h - the +2 pair of slick slippers (worn) {slick, slippery, EV+4}
   (You acquired it on level 1 of the Depths)

   Slick:     Its wearer cannot be constricted, engulfed, netted or webbed.
   Slippery:  Its wearer slips away from damaging melee attacks, pulling the
   attacker onward.
   EV:        It affects your evasion (+4).
 i - a +2 kite shield of cold resistance
 q - a +5 kite shield of protection (worn)
 w - a +2 helmet
 C - the +0 cloak of the Valley (worn) {rF- rN+ Will+ Int+4}
   (You found it in a bailey)

   Int:       It affects your intelligence (+4).
   rF:        It makes you vulnerable to fire.
   rN:        It protects you from negative energy.
   Will:      It increases your willpower.
 Q - a +2 pair of gloves of hurling (worn)
 Z - a +2 hat of see invisible (worn)
Jewellery
 d - the amulet "Boboc" (around neck) {RegenMP Int+4}
   (You bought it in a shop on level 2 of the Vaults)

   [amulet of magic regeneration]

   It increases your rate of magic regeneration.
   Int:       It affects your intelligence (+4).
 e - the ring of Kivenoco {rF+ rN+ Int+2}
   (You took it off a deep elf demonologist on level 3 of the Elven Halls)

   [ring of positive energy]

   Int:       It affects your intelligence (+2).
   rF:        It protects you from fire.
   rN:        It protects you from negative energy.
 f - the amulet "Aciarch" {Regen+ Stlth+}
   (You bought it in a shop on level 2 of the Vaults)

   [amulet of regeneration]

   Regen:     It increases your rate of health regeneration.
   Stlth:     It makes you more stealthy.
 k - the ring "Tacuffi" {rC+ Int-3 Slay+2 SInv}
   (You found it on level 4 of the Swamp)

   [ring of protection from cold]

   Int:       It affects your intelligence (-3).
   Slay:      It affects your accuracy & damage with ranged weapons and melee
   (+2).
   rC:        It protects you from cold.
   SInv:      It lets you see invisible.
 r - the ring of Leuv {rPois Str+6 Int+2}
   (You found it on level 15 of the Dungeon)

   [ring of strength]

   Str:       It affects your strength (+6).
   Int:       It affects your intelligence (+2).
   rPois:     It protects you from poison.
 z - the ring of Lousim {Ice rElec rPois rCorr Stlth-}
   (You found it on level 7 of the Dungeon)

   [ring of ice]

   It enhances your ice magic.
   rF:        It makes you vulnerable to fire.
   rC:        It protects you from cold.
   rElec:     It insulates you from electricity.
   rPois:     It protects you from poison.
   rCorr:     It protects you from acid and corrosion.
   Stlth:     It makes you less stealthy.
 I - the ring of the Hare (right hand) {EV+10}
   (You took it off a deep elf high priest on level 5 of the Vaults)

   [ring of evasion]

   EV:        It affects your evasion (+10).
 M - a +4 ring of protection (left hand)
 W - the ring of Psychosis {rPois Will+ SInv}
   (You took it off a deep elf knight on level 1 of the Elven Halls)

   [ring of see invisible]

   rPois:     It protects you from poison.
   SInv:      It lets you see invisible.
   Will:      It increases your willpower.
Wands
 v - a wand of iceblast (35)
 G - a wand of acid (22)
 H - a wand of flame (64)
 O - a wand of charming (49)
 P - a wand of digging (5)
 T - a wand of mindburst (24)
Scrolls
 c - 11 scrolls of teleportation
 j - 6 scrolls of fog
 m - 15 scrolls of magic mapping
 n - 15 scrolls of immolation
 o - a scroll of fear
 t - 7 scrolls of silence
 u - 9 scrolls of amnesia
 y - 5 scrolls of poison
 D - 2 scrolls of brand weapon
 E - 9 scrolls of enchant armour
Potions
 g - 18 potions of lignification
 p - 7 potions of brilliance
 s - 3 potions of curing
 A - 2 potions of might
 B - 2 potions of cancellation
 F - 4 potions of resistance
 J - 7 potions of invisibility
 N - 7 potions of berserk rage
 S - a potion of heal wounds
 U - 4 potions of haste
 V - 6 potions of magic
 Y - 7 potions of mutation
Miscellaneous
 a - a box of beasts
 K - a phantom mirror
 L - a phial of floods
 R - a tin of tremorstones (1/2) (quivered)
 X - a lightning rod (4/4)


   Skills:
 + Level 17.8 Fighting
 - Level 7.0 Short Blades
 - Level 11.6 Polearms
 + Level 10.3 Armour
 - Level 6.1 Dodging
 - Level 12.0 Stealth
 - Level 16.0 Shields
 + Level 11.5 Spellcasting
 * Level 19.8 Conjurations
 - Level 7.0 Translocations
 - Level 6.0 Transmutations
 - Level 4.5 Fire Magic
 - Level 4.0 Air Magic
 + Level 23.3 Earth Magic
 - Level 9.9 Poison Magic
 - Level 13.1 Invocations
 - Level 11.0 Evocations


You had 6 spell levels left.
You knew the following spells:

 Your Spells              Type           Power      Damage    Failure   Level
a - Sandblast             Erth           100%       2d20      0%          1
b - Poisonous Vapours     Pois/Air       100%       N/A       1%          2
c - Stone Arrow           Conj/Erth      100%       3d13      0%          3
d - Mephitic Cloud        Conj/Pois/Air  80%        N/A       1%          3
e - Olgreb's Toxic Radia  Pois           75%        N/A       2%          4
f - Swiftness             Air            49%        N/A       10%         3
g - Ignite Poison         Fire/Tmut/Pois 63%        N/A       3%          3
h - Iron Shot             Conj/Erth      54%        9d10      1%          6
i - Blink                 Tloc           100%       N/A       1%          2
j - Irradiate             Conj/Tmut      42%        3d25      2%          5
k - Passwall              Tmut/Erth      75%        N/A       1%          2
l - Lehudib's Crystal Sp  Conj/Erth      54%        10d13     16%         8

Your spell library contained the following spells:

 Spells                   Type           Power      Damage    Failure   Level
 Apportation              Tloc           100%       N/A       1%          1
 Beastly Appendage        Tmut           100%       N/A       1%          1
 Foxfire                  Conj/Fire      100%       2x1d9     1%          1
 Kiss of Death            Conj/Necr      100%       2d13      1%          1
 Lesser Beckoning         Tloc           100%       N/A       1%          2
 Momentum Strike          Conj/Tloc      100%       3d10      1%          2
 Static Discharge         Conj/Air       100%       2-7/arc   1%          2
 Wereblood                Tmut           59%        N/A       1%          2
 Hailstorm                Conj/Ice       75%        3d15      1%          3
 Spider Form              Tmut/Pois      67%        N/A       1%          3
 Animate Armour           Summ/Erth      100%       N/A       1%          4
 Flame Wave               Conj/Fire      83%        2d18      1%          4
 Iskenderun's Mystic Bla  Conj/Tloc      87%        2d17      1%          4
 Petrify                  Tmut/Erth      90%        N/A       1%          4
 Sticky Flame             Conj/Fire      83%        2d9       1%          4
 Lee's Rapid Deconstruct  Erth           56%        3d26*     1%          5
 Gell's Gravitas          Tloc           63%        N/A       2%          3
 Teleport Other           Tloc           63%        N/A       2%          3
 Fulminant Prism          Conj/Hex       37%        3d17      2%          4
 Arcjolt                  Conj/Air       41%        1d51      3%          5
 Borgnjor's Vile Clutch   Necr/Erth      40%        N/A       3%          5
 Vhi's Electric Charge    Tloc/Air       100%       N/A       4%          3
 Volatile Blastmotes      Fire/Tloc      100%       2d18      4%          3
 Manifold Assault         Tloc           63%        N/A       9%          4
 Passage of Golubria      Tloc           63%        N/A       9%          4
 Portal Projectile        Hex/Tloc       90%        N/A       12%         3
 Freeze                   Ice            80%        1d9       16%         1
 Necrotise                Necr           80%        1d8       16%         1
 Summon Small Mammal      Summ           80%        N/A       16%         1
 Alistair's Intoxication  Tmut/Pois      44%        N/A       17%         5
 Freezing Cloud           Conj/Ice/Air   33%        6-21      17%         5
 Inner Flame              Hex/Fire       37%        N/A       19%         3
 Ensorcelled Hibernation  Hex/Ice        40%        N/A       24%         2
 Blade Hands              Tmut           29%        N/A       36%         5
 Confusing Touch          Hex            20%        N/A       43%         3
 Frozen Ramparts          Ice            40%        1d7       43%         3
 Ozocubu's Armour         Ice            20%        N/A       43%         3
 Tukima's Dance           Hex            20%        N/A       43%         3
 Vampiric Draining        Necr           20%        2d7       43%         3
 Ice Form                 Ice/Tmut       42%        N/A       43%         4
 Eringya's Noxious Bog    Tmut/Pois      33%        N/A       67%         6
 Summon Forest            Summ/Tloc      22%        N/A       71%         5
 Dispersal                Tloc           31%        N/A       80%         6
 Anguish                  Hex/Necr       10%        N/A       85%         4
 Animate Dead             Necr           20%        N/A       85%         4
 Cause Fear               Hex            10%        N/A       85%         4
 Dispel Undead            Necr           20%        3d11      85%         4
 Agony                    Necr           20%        N/A       99%         5
 Metabolic Englaciation   Hex/Ice        10%        N/A       99%         5
 Summon Mana Viper        Hex/Summ       20%        N/A       99%         5
 Death Channel            Necr           10%        N/A       100%        6
 Simulacrum               Ice/Necr       10%        N/A       100%        6
 Summon Cactus Giant      Summ           10%        N/A       100%        6
 Shatter                  Erth           56%        3d42*     73%         9
 Enfeeble                 Hex            10%        N/A       100%        7
 Malign Gateway           Summ/Tloc      22%        N/A       100%        7
 Ozocubu's Refrigeration  Ice            10%        4d9       100%        7
 Storm Form               Tmut/Air       27%        N/A       100%        7
 Summon Hydra             Summ           10%        N/A       100%        7
 Discord                  Hex            10%        N/A       100%        8
 Ignition                 Fire           26%        3d9       100%        8
 Maxwell's Capacitive Co  Air            24%        ∞         100%        8
 Chain Lightning          Conj/Air       41%        3d54      100%        9
 Death's Door             Necr           10%        N/A       100%        9
 Fire Storm               Conj/Fire      41%        8d11      100%        9
 Polar Vortex             Ice            10%        N/A       100%        9
 Cigotuvi's Dreadful Rot  Necr/Pois/Air  Unusable   N/A       N/A         2
 Statue Form              Tmut/Erth      Unusable   N/A       N/A         6
 Sublimation of Blood     Necr           Unusable   N/A       N/A         2

Dungeon Overview and Level Annotations

Branches:
Dungeon (15/15)            Temple (1/1) D:5            Lair (5/5) D:8
  Swamp (4/4) Lair:3        Snake (4/4) Lair:2        Slime (5/5) Lair:5
    Orc (2/2) D:11            Elf (3/3) Orc:2        Vaults (5/5) D:14
  Crypt (0/3) Vaults:2     Depths (4/4) D:15           Hell (visited)
    Zot (2/5) Depths:4     Bailey (visited)           IceCv (visited)
    Dis: Hell:1         Geh: Hell:1         Coc: Hell:1         Tar: Hell:1

Altars:
Ashenzari
Cheibriados
Dithmenos
Elyvilon
Fedhas
Gozag
Hepliaklqana
Kikubaaqudgha
Makhleb
Nemelex Xobeh
Okawaru
Qazlal
Ru
Sif Muna
Trog
Uskayaw
Vehumet
Wu Jian
Xom
Yredelemnul
Zin
The Shining One
Jiyva

Shops:
D:1 [(   D:4 =   D:14 *   Orc:2 *:=[(   Elf:1 (=   Snake:1 =[   Snake:4 *
Vaults:2 =*!([

Portals:
Hell: Depths:1 Depths:3 Depths:4
Abyss: Depths:2 Depths:3 Depths:4
Pandemonium: Depths:2
Ziggurat: Depths:3
Trove: D:10 (give 6 scrolls of blinking)

Annotations:
D:10 2 transporters, ppsocheesy's ghost, journeyman MiBe
Swamp:2 Roxanne
Slime:5 Royal Jelly
Vaults:2 2 runed translucent doors, Lianjan's ghost, adept GnWr
Vaults:3 Bai Suzhen
Depths:4 2 runed translucent doors, Nuaducluc's ghost, veteran DEFE
Hell Geryon
Zot:1 5 transporters


Innate Abilities, Weirdness & Mutations

You are immune to sickness and miasma.
Your stone body is resilient. (AC +20)
You are immune to poison.
Your large and strong wings let you fly.
You resist negative energy. (rN+)
You are resistant to electric shocks. (rElec)
You are resistant to unholy torment.
You are immune to petrification.
You have very sharp teeth.
You are agile. (Dex +4, Str/Int -1)
Your mind is acute. (Int +4, Str/Dex -1)
You are frail. (-10% HP)
You passively map a small area around you.
You occasionally shout uncontrollably at your foes.
You occasionally lose the ability to read scrolls when taking damage.
You expend magic power (3 MP) to strengthen your wands.


Message History

The tremorstone explodes into fragments!
The burst of rock shards engulfs the orb of fire but does no damage.
The burst of rock shards engulfs the orb of fire!
The burst of rock shards engulfs you but does no damage.
The burst of rock shards engulfs the orb of fire!
The burst of rock shards engulfs the orb of fire but does no damage.
The burst of rock shards engulfs you but does no damage.
The orb of fire glows yellow.
The fireball explodes!
The fireball engulfs you!!
You feel threatened and lose the ability to read scrolls!
* * * LOW HITPOINT WARNING * * *
The fireball engulfs the orb of fire but does no damage.
You feel much better.
The orb of fire glows bright magenta.
Strange energies course through your body.
You feel the urge to shout.
A demon appears!
You can read scrolls again.
The orb of fire glows red.
The fireball explodes!
The fireball engulfs you!!
* * * LOW HITPOINT WARNING * * *
The fireball engulfs the orb of fire.
The orb of fire completely resists.
You hear a deafening roar!
You feel much better.
Your cacodemon hits the orb of fire!
Your cacodemon hits the orb of fire but does no damage.
You are too injured to fight recklessly!
Your cacodemon misses the orb of fire.
Your cacodemon completely misses the orb of fire.
You strike the helpless orb of fire from behind!
You puncture the orb of fire!
The orb of fire is almost destroyed.
Unknown command.
You closely miss the orb of fire. Your bite misses the orb of fire.
The orb of fire is almost destroyed.
Your cacodemon misses the orb of fire.
Your cacodemon hits the orb of fire but does no damage.
The orb of fire glows bright magenta.
The fireball explodes!
The fireball engulfs you!!!
You feel threatened and lose the ability to read scrolls!
You die...

,,,,,,*,,*,#.#.##........#
,,,,,,+,,+,#.'.##..####..#
,,,,,,*,,*,#.#.##..# #..#
*.,,,#########.##..# #..#
*p...#..#[#.#..##..# #..#
+....'..†['.)..##..# #.>#
*D...#..#(#.#..##..# #..#
*.,,,#########.#...# #..#
,,,,,,*,,*,#.#.*@.## #..#
,,,,,,+,,+,#.'.2.## ##..#
,,,,,,*,,*,#.#....####...#
*,,,,*****####.#...##...##
*,,,,*,,*,#.#..##..>...##
+,8,,+,,+,#.'..###....##
*,,,,*,,*,#.#..###...##
**********####.##†..##
##############.#...##


You could see an orb of fire (ally target) and a friendly cacodemon (summoned).

Vanquished Creatures
  Dissolution (Slime:4)
  3 ancient liches (Vaults:5)
  Saint Roka (Elf:3)
  Boris (Depths:3)
  A caustic shrike (Depths:3)
  the Enchantress (Depths:1)
  Nikola (Swamp:1)
  A bone dragon (Swamp:4)
  5 golden dragons
  Zenata (Elf:3)
  5 liches
  7 tentacled monstrosities
  2 deep elf blademasters (Elf:3)
  3 quicksilver dragons
  A titan (Vaults:5)
  13 acid blobs
  2 death cobs
  5 sphinxes
  An ancient champion (Depths:4)
  Frances (Swamp:2)
  4 tengu reavers
  7 nagarajas
  5 rockslimes
  10 azure jellies
  7 shadow dragons
  6 storm dragons
  5 fire giants
  3 draconian knights
  4 draconian monks
  2 iron dragons
  22 vault wardens
  3 draconian scorchers
  5 frost giants
  Louise (Swamp:2)
  7 deep elf elementalists
  8 deep elf sorcerers
  3 ghost moths
  2 orc warlords
  A draconian stormcaller (Zot:1)
  The ghost of tatocazan the Carver, a journeyman MiFi of Okawaru (Orc:1)
  4 war gargoyles
  A draconian annihilator (Depths:4)
  11 ironbound thunderhulks
  3 draconian shifters
  5 quicksilver oozes
  18 ironbound preservers
  16 very ugly things
  3 spriggan defenders (Depths:1)
  15 stone giants
  9 black draconians
  2 vampire knights
  Nessos (Lair:5)
  2 green draconians
  10 deep elf annihilators
  9 deep elf demonologists
  12 dire elephants
  6 purple draconians
  5 bunyips
  12 yellow draconians
  2 red draconians (Zot:2)
  4 eleionomae
  3 spark wasps
  5 white draconians
  Snorg (Lair:4)
  3 crystal guardians
  5 deep elf death magi (Elf:3)
  21 ettins
  5 fire dragons
  Josephine (D:13)
  An entropy weaver (shapeshifter) (Depths:4)
  3 entropy weavers
  22 great orbs of eyes
  A hell beast (Depths:4)
  5 hydras
  10 deep elf high priests
  2 peacekeepers
  38 vault guards
  13 yaktaur captains
  A shambling mangrove (Swamp:3)
  2 ice dragons
  A salamander tyrant (Snake:3)
  2 ogre magi (Vaults:5)
  5 spriggan air magi
  13 centaur warriors
  Erica (D:11)
  3 rakshasas
  11 anacondas
  6 boulder beetles
  3 ghost crabs (Swamp:4)
  A catoblepas (Lair:4)
  8 two-headed ogres
  A hell hog (Depths:4)
  11 ironbound frosthearts
  27 dancing weapons
  7 tengu warriors
  A vampire mage (Depths:1)
  5 spriggan berserkers
  14 naga sharpshooters
  2 shock serpents (Snake:4)
  9 deep troll shamans
  8 alligators
  12 naga warriors
  10 hell knights
  Urug (Lair:1)
  5 deep troll earth magi
  5 orc high priests
  20 deep elf knights
  Amaemon (Lair:3)
  5 salamander mystics
  5 iron trolls
  3 goliath frogs
  A fire crab (D:10)
  4 skysharks
  7 skeletal warriors
  A death drake (Swamp:4)
  A quicksilver dragon simulacrum (Depths:4)
  4 spriggan druids
  4 swamp dragons
  A sea snake (shapeshifter) (Depths:3)
  2 sea snakes (Snake:1)
  A flayed ghost (Vaults:1)
  44 deep trolls
  6 naga ritualists
  7 deep elf archers
  6 bog bodies
  7 wizards
  11 orc knights
  4 lindwurms
  25 ironbound convokers
  2 spectral hydras (Swamp:4)
  3 glowing orange brains
  A harpy (shapeshifter) (D:13)
  5 phantasmal warriors
  30 deep elf pyromancers
  12 orc sorcerers
  A wolf spider (shapeshifter) (Vaults:5)
  30 ugly things
  10 necromancers
  5 mana vipers
  29 deep elf zephyrmancers
  2 manticores
  A salamander (shapeshifter) (Vaults:5)
  6 cyclopes
  4 will-o-the-wisps
  Maurice (Orc:1)
  12 elephants
  7 shining eyes
  An elephant (shapeshifter) (Vaults:5)
  2 oklob plants
  14 salamanders
  2 ice statues (IceCv)
  17 moths of wrath
  30 black mambas
  19 vault sentinels
  18 naga magi
  3 guardian serpents
  4 gargoyles
  An orange demon (Lair:3)
  4 eyes of devastation
  23 cane toads
  2 torpor snails (Lair:2)
  3 swamp worm zombies (Swamp:4)
  2 rime drakes
  4 unseen horrors
  8 komodo dragons
  45 yaktaurs
  A kobold demonologist (D:7)
  7 ice devils (IceCv)
  A freezing wraith (Vaults:4)
  A yaktaur (shapeshifter) (D:11)
  2 tengu conjurers
  10 trolls
  A bloated husk (Swamp:1)
  A meliai (shapeshifter) (D:13)
  8 tyrant leeches
  Grinder (D:4)
  4 hydra zombies (Swamp:4)
  A queen bee (shapeshifter) (D:14)
  A polar bear (Lair:2)
  A wind drake (shapeshifter) (D:11)
  15 hornets
  32 blink frogs
  3 spectral swamp dragons (Swamp:4)
  A tarantella (shapeshifter) (D:15)
  An ettin zombie (Vaults:5)
  5 alligator zombies (Swamp:4)
  147 slime creatures
  An air elemental (Elf:2)
  Sigmund (D:4)
  An elf skeleton (Vaults:5)
  A spriggan (shapeshifter) (D:11)
  18 spriggans
  70 yaks
  6 wraiths
  6 wyverns
  2 dire elephant simulacra (IceCv)
  6 basilisks
  5 water elementals
  8 small abominations (Depths:2)
  14 golden eyes
  A redback (shapeshifter) (Depths:3)
  5 fire elementals
  3 redbacks (Vaults:4)
  17 vampire mosquitoes
  A steam dragon (D:9)
  5 harpy simulacra (IceCv)
  An ogre zombie (Vaults:5)
  7 wargs
  48 nagas
  11 swamp worms
  3 hydra simulacra (IceCv)
  An acid dragon (D:10)
  10 water moccasins
  4 large abominations (Depths:2)
  2 black bears
  8 ice beasts
  3 floating eyes
  7 swamp drakes
  4 sky beasts
  42 orc warriors
  3 swamp dragon zombies (Swamp:4)
  8 wolves (Lair:3)
  8 ogres
  5 boggarts
  9 centaurs
  4 phantoms (Swamp:4)
  A kobold brigand (D:7)
  A glowing shapeshifter simulacrum (Vaults:5)
  20 bullfrogs
  4 scorpions
  A gnoll sergeant (D:9)
  3 earth elementals
  A two-headed ogre simulacrum (IceCv)
  A necrophage (D:7)
  18 wights
  2 elephant simulacra (IceCv)
  11 killer bees
  8 electric eels
  8 howler monkeys
  4 lava snakes (Lair:1)
  A hound (D:5)
  14 orc priests
  A gnoll bouda (D:7)
  2 jellies
  5 iguanas
  Ijyb (D:3)
  28 orc wizards
  A spectral swamp drake (Swamp:4)
  A spriggan simulacrum (IceCv)
  A troll simulacrum (IceCv)
  A hound skeleton (D:7)
  17 gnolls
  2 swamp drake zombies (Swamp:4)
  8 adders
  A shadow imp (D:5)
  13 white imps
  3 ufetubi
  A worm (D:5)
  3 dart slugs
  98 orcs
  9 ball pythons
  7 endoplasms
  A giant cockroach (D:3)
  7 hobgoblins
  8 jackals
  13 kobolds
  3 quokkas
  5 bats
  3 frilled lizards
  15 goblins
  9 rats
2127 creatures vanquished.

Vanquished Creatures (collateral kills)
  2 golden dragons
  An electric golem (Zot:1)
  A tentacled monstrosity (Zot:1)
  A deep elf master archer (Elf:3)
  A sphinx (Depths:3)
  A death cob (Zot:1)
  A shadow dragon (Zot:1)
  2 azure jellies (Slime:5)
  2 vault wardens
  3 quicksilver oozes (Slime:5)
  An ironbound thunderhulk (Vaults:2)
  A vampire knight (Depths:3)
  A red draconian (Zot:1)
  A crystal guardian (Vaults:3)
  3 vault guards
  2 naga warriors (Snake:4)
  A deep troll earth mage (Depths:3)
  A naga sharpshooter (Snake:4)
  A deep troll (Depths:3)
  A wizard (Vaults:2)
  2 phantasmal warriors (Depths:3)
  An ironbound convoker (Vaults:2)
  A will-o-the-wisp (Swamp:1)
  A yaktaur (Vaults:1)
  A bloated husk (Swamp:4)
  A tyrant leech (Swamp:1)
  A slime creature (Slime:5)
  A swamp drake (Swamp:1)
37 creatures vanquished.

Vanquished Creatures (others)
  A fire giant (Depths:2)
  A ghost moth (Zot:2)
  3 dire elephants (Vaults:1)
  A vault guard (Vaults:1)
  A hydra (Swamp:4)
  2 wizards
  A vault sentinel (Vaults:5)
  An unseen horror (D:10)
  A freezing wraith (Vaults:5)
  5 bloated husks
  A blink frog (Lair:4)
  A naga (Snake:4)
  A phantom (Swamp:4)
  24 foxfires
44 creatures vanquished.

Grand Total: 2208 creatures vanquished

Notes
Turn   | Place    | Note
-------+----------+-------------------------------------------
     0 | D:1      | LustLizard the Gargoyle Earth Elementalist began the quest
                  | for the Orb.
     0 | D:1      | Reached XP level 1. HP: 10/10 MP: 3/3
    72 | D:1      | Found Zezen's Antique Armour Emporium.
   120 | D:1      | Reached XP level 2. HP: 12/16 MP: 3/5
   166 | D:1      | Reached skill level 4 in Earth Magic
   257 | D:1      | Found Wapigrank's Antique Weapon Shop.
   411 | D:1      | Learned a level 2 spell: Poisonous Vapours
   475 | D:1      | Reached skill level 1 in Fighting
   494 | D:1      | Reached XP level 3. HP: 20/20 MP: 2/6
  1384 | D:2      | You fall into a shaft and drop 1 floor!
  1384 | D:3      | Found an opulent altar of Gozag.
  1391 | D:3      | Noticed Ijyb
  1407 | D:3      | Identified the +8 short sword of the Lamprey {vamp, rPois}
  1563 | D:2      | Reached skill level 1 in Poison Magic
  1563 | D:2      | Reached XP level 4. HP: 25/25 MP: 4/7
  2316 | D:3      | Reached skill level 1 in Air Magic
  2316 | D:3      | Reached XP level 5. HP: 8/29 MP: 4/8
  3112 | D:3      | Killed Ijyb
  3205 | D:4      | Found Sangioze's Jewellery Shoppe.
  3213 | D:4      | Reached skill level 5 in Earth Magic
  3213 | D:4      | Reached XP level 6. HP: 35/35 MP: 3/10
  3271 | D:4      | Noticed Sigmund
  3277 | D:4      | Learned a level 3 spell: Stone Arrow
  3557 | D:4      | Reached skill level 1 in Conjurations
  3686 | D:4      | Noticed Grinder
  3688 | D:4      | Paralysed by Grinder for 4 turns
  3706 | D:4      | Paralysed by Grinder for 2 turns
  3708 | D:4      | Killed Grinder
  3709 | D:4      | Reached XP level 7. HP: 8/40 MP: 2/11
  4088 | D:4      | Killed Sigmund
  4089 | D:4      | Reached skill level 6 in Earth Magic
  4281 | D:4      | Reached XP level 8. HP: 41/45 MP: 7/12
  4285 | D:4      | Learned a level 3 spell: Mephitic Cloud
  4312 | D:5      | Entered Level 5 of the Dungeon
  4788 | D:5      | Found a staircase to the Ecumenical Temple.
  5006 | Temple   | Entered the Ecumenical Temple
  6183 | D:6      | Reached skill level 7 in Earth Magic
  6334 | D:6      | Reached XP level 9. HP: 51/51 MP: 4/14
  6725 | D:6      | Reached skill level 5 in Poison Magic
  6852 | D:6      | Reached skill level 5 in Conjurations
  7080 | D:7      | Identified the ring of Lousim {Ice rElec rPois rCorr
                  | Stlth-}
  7180 | D:7      | Reached skill level 1 in Short Blades
  7245 | D:7      | Found a flagged portal.
  7332 | Bailey   | Entered a bailey
  7650 | Bailey   | Found a large runed translucent door.
  7650 | Bailey   | Found a large runed translucent door.
  7656 | Bailey   | Noticed a deep elf zephyrmancer
  7914 | Bailey   | Noticed an orc knight
  7925 | Bailey   | Killed an orc knight
  7926 | Bailey   | Reached XP level 10. HP: 58/58 MP: 1/16
  8091 | Bailey   | Killed a deep elf zephyrmancer
  8092 | Bailey   | Reached skill level 5 in Fighting
  8138 | Bailey   | Identified the +10 pearl dragon scales of the Bulwark
                  | {rElec rPois rC+ rN+}
  8150 | Bailey   | Identified the +0 cloak of the Valley {rF- rN+ Will+ Int+4}
  8351 | D:7      | Noticed a kobold demonologist
  8354 | D:7      | Noticed a soul eater
  8381 | D:7      | Noticed a sun demon
  8391 | D:7      | Killed a kobold demonologist
  8392 | D:7      | Reached skill level 1 in Armour
  8767 | D:7      | Reached skill level 5 in Spellcasting
  8953 | D:7      | Found a burning altar of Makhleb.
  8961 | D:7      | Became a worshipper of Makhleb the Destroyer
  9992 | D:8      | Reached XP level 11. HP: 64/64 MP: 3/18
 10137 | D:8      | Found a staircase to the Lair.
 10291 | D:8      | Reached * piety under Makhleb
 10901 | D:9      | Identified the +3 bardiche of the Last Nights {freeze,
                  | Will+}
 11056 | D:9      | Reached skill level 1 in Invocations
 11373 | D:9      | Reached skill level 8 in Earth Magic
 11473 | D:9      | Reached ** piety under Makhleb
 12208 | D:10     | Entered Level 10 of the Dungeon
 12312 | D:10     | Found a portal to a secret trove of treasure.
 12485 | D:10     | Found a snail-covered altar of Cheibriados.
 12485 | D:10     | Found a hide-covered altar of Uskayaw.
 12485 | D:10     | Found a glowing golden altar of the Shining One.
 12485 | D:10     | Found a sacrificial altar of Ru.
 12486 | D:10     | Found a hazy altar of Hepliaklqana.
 12486 | D:10     | Found an ornate altar of the Wu Jian Council.
 12487 | D:10     | Found an ancient bone altar of Kikubaaqudgha.
 12488 | D:10     | Found an iron altar of Okawaru.
 12488 | D:10     | Found a radiant altar of Vehumet.
 12489 | D:10     | Found a blossoming altar of Fedhas.
 12757 | D:10     | Noticed a wizard
 12757 | D:10     | Noticed a boulder beetle
 12757 | D:10     | Noticed a centaur warrior
 12767 | D:10     | Killed a centaur warrior
 12768 | D:10     | Reached skill level 9 in Earth Magic
 12772 | D:10     | Killed a wizard
 12910 | D:10     | Found a transporter.
 12914 | D:10     | Noticed ppsocheesy's ghost (journeyman MiBe)
 12915 | D:10     | Noticed a moth of wrath
 12920 | D:10     | Noticed an ice dragon
 12930 | D:10     | Found a transporter.
 13014 | D:10     | Reached XP level 12. HP: 68/71 MP: 16/21
 13157 | D:10     | Killed a boulder beetle
 13421 | D:10     | Identified the +4 short sword "Ywut" {drain, Int+2}
 13787 | D:11     | Reached skill level 5 in Invocations
 13901 | D:11     | Found a staircase to the Orcish Mines.
 14069 | D:11     | Noticed Erica
 14077 | D:11     | Killed Erica
 14556 | D:11     | Found a runed translucent door.
 14559 | D:11     | Found a runed translucent door.
 14559 | D:11     | Noticed a centaur warrior
 14602 | D:11     | Noticed a centaur warrior
 14666 | D:11     | Killed a centaur warrior
 14667 | D:11     | Reached skill level 10 in Earth Magic
 14704 | D:11     | Noticed a tengu warrior
 14729 | D:11     | Killed a tengu warrior
 14730 | D:11     | Reached skill level 5 in Short Blades
 14920 | D:11     | Identified the +2 glaive of Ruapni {spect, rElec rF+ rC+
                  | Str-4}
 15006 | D:11     | Noticed a centaur warrior
 15009 | D:11     | Killed a centaur warrior
 15010 | D:11     | Reached skill level 5 in Armour
 15393 | D:11     | Reached *** piety under Makhleb
 15620 | D:11     | Killed a centaur warrior
 15917 | Lair:1   | Entered Level 1 of the Lair of Beasts
 16318 | Lair:1   | Reached XP level 13. HP: 78/78 MP: 17/23
 16578 | Lair:1   | Reached skill level 11 in Earth Magic
 17551 | Lair:2   | Noticed Urug
 17558 | Lair:1   | Killed Urug
 17922 | Lair:2   | Found a staircase to the Snake Pit.
 18035 | Lair:2   | Reached **** piety under Makhleb
 18633 | Lair:2   | Reached skill level 12 in Earth Magic
 18665 | Lair:2   | Reached skill level 10 in Conjurations
 20035 | Lair:3   | You fall into a shaft and drop 2 floors!
 20035 | Lair:5   | Entered Level 5 of the Lair of Beasts
 20057 | Lair:5   | Gained mutation: Your large and strong wings let you fly.
                  | [Gargoyle growth]
 20057 | Lair:5   | Reached XP level 14. HP: 84/84 MP: 11/25
 20264 | Lair:5   | Noticed Nessos
 20271 | Lair:5   | Killed Nessos
 20396 | Lair:5   | Found a runed translucent door.
 20396 | Lair:5   | Found a viscous altar of Jiyva.
 20413 | Lair:5   | Found a staircase to the Slime Pits.
 20600 | Lair:4   | Reached skill level 1 in Evocations
 20734 | Lair:4   | Noticed Snorg
 20742 | Lair:3   | Reached ***** piety under Makhleb
 21090 | Lair:3   | Noticed Amaemon
 21107 | Lair:3   | Killed Amaemon
 21443 | Lair:3   | Found a staircase to the Swamp.
 21632 | Lair:3   | Reached skill level 13 in Earth Magic
 22484 | Lair:4   | Killed Snorg
 23238 | Lair:5   | Found a hazy altar of Hepliaklqana.
 23651 | Lair:4   | Reached skill level 10 in Invocations
 25195 | Lair:5   | Noticed an acid blob
 25457 | D:12     | Reached ****** piety under Makhleb
 25487 | D:12     | Found a frozen archway.
 25546 | D:12     | Reached XP level 15. HP: 91/91 MP: 5/27
 25658 | IceCv    | Entered an ice cave
 26586 | IceCv    | Identified a scroll of acquirement
 26587 | IceCv    | Acquired LustLizard's Information on Venomous Portals
 26594 | IceCv    | Learned a level 4 spell: Olgreb's Toxic Radiance
 27131 | D:12     | Reached skill level 1 in Shields
 27721 | D:12     | Found an ornate altar of the Wu Jian Council.
 28094 | D:13     | Noticed Josephine
 28100 | D:13     | Killed Josephine
 28444 | D:13     | Got the Compendium of Macabre Power
 29094 | D:14     | Found Yricsuav's General Store.
 29100 | D:14     | Bought a scroll of enchant armour for 135 gold pieces
 29254 | D:14     | Reached skill level 5 in Evocations
 29351 | Orc:1    | Entered Level 1 of the Orcish Mines
 29414 | Orc:1    | Noticed Maurice
 29426 | Orc:1    | Killed Maurice
 29690 | Orc:1    | Noticed tatocazan's ghost (journeyman MiFi)
 29843 | Orc:1    | Found a runed translucent door.
 29865 | Orc:1    | Reached skill level 10 in Fighting
 30318 | Orc:2    | Entered Level 2 of the Orcish Mines
 31248 | Orc:2    | Found Tustrifuo's Antique Armour Boutique.
 31271 | Orc:2    | Noticed an orc warlord
 31494 | Orc:2    | Found Rehiulad's Book Shop.
 31608 | Orc:2    | Paralysed by an orc sorcerer for 5 turns
 31729 | Orc:2    | Found a staircase to the Elven Halls.
 31744 | Orc:2    | Found Mokkaepn's General Store.
 31752 | Orc:2    | Bought a scroll of identify for 20 gold pieces
 31928 | Orc:2    | Found Buneu's Antique Weapon Shoppe.
 31974 | Orc:2    | Killed an orc warlord
 32308 | Orc:2    | Found Giyg's Jewellery Shop.
 32475 | Orc:2    | Bought a book of Burglary for 200 gold pieces
 32475 | Orc:2    | Bought an Inescapable Atlas for 320 gold pieces
 32475 | Orc:2    | Bought a Trismegistus Codex for 260 gold pieces
 32475 | Orc:2    | Bought a book of the Wilderness for 380 gold pieces
 32479 | Orc:2    | Learned a level 3 spell: Swiftness
 32483 | Orc:2    | Learned a level 3 spell: Ignite Poison
 33121 | D:14     | Reached XP level 16. HP: 97/97 MP: 14/29
 33125 | D:14     | Reached skill level 1 in Transmutations
 33303 | D:14     | Reached skill level 1 in Fire Magic
 34142 | D:14     | Found a gate to the Vaults.
 34255 | D:15     | Entered Level 15 of the Dungeon
 34534 | D:15     | Reached skill level 5 in Shields
 35304 | D:15     | Identified the ring of Leuv {rPois Str+6 Int+2}
 35598 | D:15     | Found a staircase to the Depths.
 35875 | D:15     | Found an iron altar of Okawaru.
 36282 | Swamp:1  | Entered Level 1 of the Swamp
 36692 | Swamp:1  | Noticed Nikola
 36719 | Swamp:1  | Killed Nikola
 37921 | Swamp:2  | Noticed Frances
 37928 | Swamp:2  | Killed Frances
 38271 | Swamp:2  | Reached XP level 17. HP: 103/103 MP: 25/30
 38779 | Swamp:2  | Noticed Louise
 38792 | Swamp:2  | Killed Louise
 39060 | Swamp:2  | Noticed Roxanne
 39104 | Swamp:2  | Learned a level 6 spell: Iron Shot
 39174 | Swamp:3  | Reached skill level 14 in Earth Magic
 40961 | Swamp:4  | Entered Level 4 of the Swamp
 42487 | Swamp:4  | Noticed a bone dragon
 42560 | Swamp:4  | Killed a bone dragon
 43065 | Swamp:4  | Identified the ring "Tacuffi" {rC+ Int-3 Slay+2 SInv}
 43467 | Swamp:4  | Got a decaying rune of Zot
 43848 | Orc:1    | Killed tatocazan's ghost
 44161 | Snake:1  | Entered Level 1 of the Snake Pit
 44610 | Snake:1  | Found Xowkeb's Antique Armour Shop.
 44610 | Snake:1  | Found Miral's Jewellery Boutique.
 44790 | Snake:1  | Reached skill level 15 in Earth Magic
 45286 | Snake:2  | Reached XP level 18. HP: 110/110 MP: 21/31
 47488 | Snake:3  | Identified the +7 war axe "Requg" {flame, rPois rC+ Int+3
                  | Dex+2}
 47687 | Snake:3  | Reached skill level 10 in Armour
 48995 | Snake:3  | Identified the ring "Opoupamie" {rElec Will- rCorr MP+9
                  | Str+3}
 49710 | Snake:4  | Entered Level 4 of the Snake Pit
 49972 | Snake:4  | Reached skill level 10 in Shields
 50364 | Snake:4  | Found Xobliokan's Assorted Antiques.
 50600 | Snake:4  | Reached skill level 16 in Earth Magic
 50748 | Snake:4  | Bought a scroll of identify for 52 gold pieces
 52363 | Snake:4  | Reached XP level 19. HP: 61/116 MP: 0/32
 52633 | Snake:4  | Got a serpentine rune of Zot
 53064 | Vaults:1 | Entered Level 1 of the Vaults
 55361 | Vaults:1 | Reached skill level 17 in Earth Magic
 57318 | Vaults:2 | Paralysed by a great orb of eyes for 4 turns
 57640 | Vaults:2 | Found Marhopne's Jewellery Shoppe.
 57725 | Vaults:2 | Found Usea's Assorted Antiques.
 57725 | Vaults:2 | Noticed Lianjan's ghost (adept GnWr)
 57826 | Vaults:2 | Bought the amulet "Boboc" {RegenMP Int+4} for 862 gold
                  | pieces
 57847 | Vaults:2 | Bought a faintly glowing graven amulet for 205 gold pieces
 57847 | Vaults:2 | Identified the amulet "Aciarch" {Regen+ Stlth+} (You bought
                  | it in a shop on level 2 of the Vaults)
 57853 | Vaults:2 | Found Atrezorph's Distillery.
 57855 | Vaults:2 | Found Cenkasu's Antique Weapon Boutique.
 57971 | Vaults:2 | Bought a potion of invisibility for 168 gold pieces
 57971 | Vaults:2 | Bought a potion of cancellation for 168 gold pieces
 57971 | Vaults:2 | Bought a potion of heal wounds for 105 gold pieces
 58002 | Vaults:2 | Reached XP level 20. HP: 124/124 MP: 17/33
 58615 | Vaults:2 | Found a staircase to the Crypt.
 58654 | Vaults:2 | Reached skill level 18 in Earth Magic
 58696 | Vaults:2 | Found Istuwu's Armour Emporium.
 58875 | Vaults:2 | Found a large runed translucent door.
 58875 | Vaults:2 | Found a large runed translucent door.
 59424 | Vaults:2 | Reached skill level 10 in Evocations
 59774 | Vaults:3 | Reached skill level 15 in Conjurations
 59868 | Vaults:3 | Paralysed by a great orb of eyes for 4 turns
 59962 | Vaults:3 | Reached skill level 5 in Stealth
 60200 | Vaults:3 | Noticed Bai Suzhen
 61487 | Vaults:4 | Reached skill level 19 in Earth Magic
 61491 | Vaults:4 | Reached XP level 21. HP: 131/131 MP: 18/34
 63134 | Elf:1    | Entered Level 1 of the Elven Halls
 63358 | Elf:1    | Reached skill level 15 in Shields
 63721 | Elf:1    | Found Duot's Jewellery Shoppe.
 63874 | Elf:1    | Found Odosch's Weapon Shop.
 63915 | Elf:1    | Learned a level 2 spell: Blink
 63921 | Elf:1    | Learned a level 5 spell: Irradiate
 64029 | Elf:1    | Got the Opusculum on the Allied Missiles
 64393 | Elf:1    | Found a runed translucent door.
 64423 | Elf:1    | Identified the ring of Psychosis {rPois Will+ SInv}
 64430 | Elf:1    | Reached skill level 20 in Earth Magic
 64500 | Elf:2    | Paralysed by an air elemental for 1 turns
 64821 | Elf:2    | Found a runed translucent gate.
 64839 | Elf:2    | Found a runed translucent gate.
 64839 | Elf:2    | Found a runed translucent gate.
 65162 | Elf:2    | Reached XP level 22. HP: 128/138 MP: 20/35
 65173 | Elf:2    | Reached skill level 5 in Transmutations
 65600 | Elf:3    | Entered Level 3 of the Elven Halls
 65608 | Elf:3    | Noticed Saint Roka
 65630 | Elf:3    | Killed Saint Roka
 66435 | Elf:3    | Identified the +2 ring mail "Qyr Kusk" {Str+3}
 66670 | Elf:3    | Identified the ring of Ylowy {rPois MP+9}
 66806 | Elf:3    | Identified the ring of Kivenoco {rF+ rN+ Int+2}
 66841 | Elf:3    | Reached skill level 21 in Earth Magic
 66958 | Elf:3    | Noticed Zenata
 66971 | Elf:3    | Reached skill level 15 in Fighting
 67246 | Elf:3    | Identified the +8 trident of the Unspeakable One {flame,
                  | +Blink rF+ Will+}
 67246 | Elf:3    | Identified the ring of Riruosou {Fly rPois Int+3 Dex-3
                  | Slay+6}
 67401 | Elf:3    | Killed Zenata
 67474 | Elf:3    | Reached skill level 1 in Polearms
 67561 | Elf:3    | Got the Reference Book on Wintry Concussion
 67723 | Elf:3    | Got the Textbook on Snow and the Voyage
 67752 | Elf:3    | Identified the +1 chain mail of Exclusion {Str+3 Dex+8
                  | SInv}
 68012 | Depths:1 | Entered Level 1 of the Depths
 68086 | Depths:1 | Acquired the +2 pair of slick slippers {slick, slippery,
                  | EV+4}
 68086 | Depths:1 | Found the +2 pair of slick slippers {slick, slippery, EV+4}
 68144 | Depths:1 | Reached skill level 1 in Translocations
 68312 | Depths:1 | Learned a level 2 spell: Passwall
 68333 | Depths:1 | Noticed the Enchantress
 68366 | Depths:1 | Killed the Enchantress
 68844 | Depths:1 | Found a gateway to Hell.
 69275 | Depths:1 | Reached XP level 23. HP: 143/144 MP: 6/36
 69760 | Depths:2 | Found a one-way gate to the infinite horrors of the Abyss.
 69771 | Depths:2 | Reached skill level 5 in Dodging
 70549 | Depths:2 | Found a one-way gate leading to the halls of Pandemonium.
 70752 | Depths:3 | Noticed a caustic shrike
 70760 | Depths:3 | Noticed a golden dragon
 70766 | Depths:3 | Killed a caustic shrike
 70769 | Depths:3 | Killed a golden dragon
 70770 | Depths:3 | Reached skill level 5 in Polearms
 71156 | Depths:3 | Found a one-way gateway to a ziggurat.
 71345 | Depths:3 | Noticed a golden dragon
 71351 | Depths:3 | Killed a golden dragon
 71497 | Depths:3 | Noticed a golden dragon
 71503 | Depths:3 | Killed a golden dragon
 71635 | Depths:3 | Noticed Boris
 71662 | Depths:3 | Killed Boris
 72032 | Depths:4 | Entered Level 4 of the Depths
 72085 | Depths:4 | Reached skill level 10 in Stealth
 72532 | Depths:4 | Found a hide-covered altar of Uskayaw.
 73113 | Depths:4 | Found a gate to the Realm of Zot.
 73147 | Depths:4 | Reached skill level 22 in Earth Magic
 73440 | Depths:4 | Found a large runed translucent door.
 73440 | Depths:4 | Found a large runed translucent door.
 73442 | Depths:4 | Noticed Nuaducluc's ghost (veteran DEFE)
 73655 | Depths:4 | Reached skill level 5 in Translocations
 73668 | Depths:4 | Reached XP level 24. HP: 152/152 MP: 27/36
 74331 | Slime:1  | Entered Level 1 of the Pits of Slime
 74615 | Slime:1  | Gained mutation: You are dopey. (Int -2) [a shining eye]
 74640 | Slime:1  | Gained mutation: You are vulnerable to heat. (rF-)
                  | [mutagenic glow]
 74658 | Slime:1  | Gained mutation: You are agile. (Dex +4, Str/Int -1) [a
                  | shining eye]
 74936 | Slime:1  | You are sucked into a shaft and drop 1 floor!
 75321 | Slime:5  | Entered Level 5 of the Pits of Slime
 75326 | Slime:4  | Noticed Dissolution
 75336 | Slime:4  | Killed Dissolution
 75501 | Slime:5  | Noticed the Royal Jelly
 75737 | Slime:5  | Gained mutation: You are weak. (Str -2) [a shining eye]
 75774 | Slime:5  | Gained mutation: You are frail. (-10% HP) [a shining eye]
 76547 | Slime:5  | Found a viscous altar of Jiyva.
 77053 | Slime:3  | Gained mutation: Your spells are a little easier to cast,
                  | but a little less powerful. [mutagenic glow]
 77063 | Slime:3  | Gained mutation: You occasionally lose the ability to drink
                  | potions when taking damage. [a shining eye]
 77090 | Slime:2  | Gained mutation: Your body sometimes deteriorates upon
                  | taking damage. [a shining eye]
 77093 | Slime:2  | Lost mutation: You are dopey. (Int -2) [potion of mutation]
 77093 | Slime:2  | Lost mutation: You are weak. (Str -2) [potion of mutation]
 77093 | Slime:2  | Lost mutation: Your spells are a little easier to cast, but
                  | a little less powerful. [potion of mutation]
 77093 | Slime:2  | Gained mutation: Your spells are a little easier to cast,
                  | but a little less powerful. [potion of mutation]
 77093 | Slime:2  | Gained mutation: You are very agile. (Dex +8, Str/Int -2)
                  | [potion of mutation]
 77094 | Slime:2  | Lost mutation: Your spells are a little easier to cast, but
                  | a little less powerful. [potion of mutation]
 77094 | Slime:2  | Lost mutation: You occasionally lose the ability to drink
                  | potions when taking damage. [potion of mutation]
 77094 | Slime:2  | Lost mutation: You are vulnerable to heat. (rF-) [potion of
                  | mutation]
 77094 | Slime:2  | Gained mutation: Your mind is acute. (Int +4, Str/Dex -1)
                  | [potion of mutation]
 77094 | Slime:2  | Gained mutation: You have very sharp teeth. [potion of
                  | mutation]
 77298 | Slime:1  | Gained mutation: You have hidden genetic defects. [a
                  | shining eye]
 77301 | Slime:1  | Reached skill level 10 in Spellcasting
 77301 | Slime:1  | Paralysed by a floating eye for 2 turns
 77402 | Slime:1  | Lost mutation: You have hidden genetic defects. [potion of
                  | mutation]
 77402 | Slime:1  | Lost mutation: Your body sometimes deteriorates upon taking
                  | damage. [potion of mutation]
 77402 | Slime:1  | Gained mutation: You passively map a small area around you.
                  | [potion of mutation]
 77402 | Slime:1  | Gained mutation: You expend magic power (3 MP) to
                  | strengthen your wands. [potion of mutation]
 77813 | Hell     | Entered the Vestibule of Hell
 77813 | Hell     | Noticed Geryon
 78112 | Vaults:5 | Entered Level 5 of the Vaults
 78114 | Vaults:5 | Noticed an ancient lich
 78126 | Vaults:5 | Killed an ancient lich
 78439 | Vaults:5 | Reached XP level 25. HP: 124/143 MP: 28/37
 78904 | Vaults:5 | Identified the +1 scimitar of Bufoal {protect, rCorr Str+3}
 79193 | Vaults:5 | Identified the +4 shortbow "Etsov" {antimagic, rElec rF+
                  | Str+3 SInv}
 79367 | Vaults:5 | Reached skill level 10 in Polearms
 79421 | Vaults:5 | Identified the +2 leather armour of Knowledge {Harm rPois
                  | Dex+5}
 79421 | Vaults:5 | Noticed an ancient lich
 79457 | Vaults:5 | Killed an ancient lich
 79763 | Vaults:5 | Noticed an ancient lich
 79769 | Vaults:5 | Killed an ancient lich
 79823 | Vaults:5 | Identified the +0 scale mail of Terror {rPois}
 79947 | Vaults:5 | Identified the staff of poison "Putedyos" {rPois Will+
                  | Str+3 Dex+4}
 79949 | Vaults:5 | Identified the staff of death "Zapu" {rN+ MP+9 Str+5 Int-2}
 80399 | Vaults:5 | Got a silver rune of Zot
 80661 | Vaults:5 | Got the Folio of Black Rituals
 80905 | Vaults:5 | Learned a level 8 spell: Lehudib's Crystal Spear
 81266 | Zot:1    | Entered Level 1 of the Realm of Zot
 81273 | Zot:1    | Reached skill level 23 in Earth Magic
 81626 | Zot:1    | Identified the +9 chain mail of Riuteh {Fly Regen+ Int+5
                  | Slay-2}
 81842 | Zot:1    | Found a transporter.
 81844 | Zot:1    | Found a transporter.
 81859 | Zot:1    | Found a transporter.
 82005 | Zot:1    | Identified the amulet "Nisagut" {Acrobat rC+++ Str+4 Int-2}
 82017 | Zot:1    | Identified the +9 hand axe "Plog" {holy, *Slow rC- rN+
                  | rCorr Dex+8}
 82023 | Zot:1    | Found a transporter.
 82023 | Zot:1    | Found a transporter.
 82036 | Zot:1    | Reached XP level 26. HP: 150/150 MP: 8/38
 82173 | Zot:1    | Identified the +0 robe "Teiseuka" {rF+ Int+3 Slay+2}
 83562 | Zot:2    | Noticed a Killer Klown
 83813 | Zot:2    | Noticed an orb of fire
 83814 | Zot:2    | Lost mutation: You are very agile. (Dex +8, Str/Int -2) [an
                  | orb of fire]
 83821 | Zot:2    | Gained mutation: You occasionally lose the ability to read
                  | scrolls when taking damage. [an orb of fire]
 83823 | Zot:2    | Gained mutation: You occasionally shout uncontrollably at
                  | your foes. [an orb of fire]
 83828 | Zot:2    | Killed from afar by an orb of fire

Illustrated notes

Levels and vault maps discovered:
D:1:      eino_arrival_cavern_d, layout_basic, serial_shops, shop,
          nicolae_shop_rolling_square, hangedman_decor_clover_reticule,
          kennysheep_pointless_box, hangedman_glass_teeth, minmay_cut_off
D:2:      layout_loops_ring, kennysheep_generic_room_6
D:3:      layout_basic, mainiacjoe_overflow_tiny_flanked, uniq_ijyb
D:4:      layout_loops_ring, serial_shops, shop, uniq_sigmund, uniq_grinder
D:5:      layout_basic, minmay_temple_entry_drinking_statues
D:6:      layout_basic
D:7:      layout_loops_ring, makhleb_blood_cavern_becter, enter_bailey_3,
          kennysheep_generic_room_4
D:8:      layout_basic, lair_entry_dummy
D:9:      layout_basic, hex_intersection, chequers_avenue,
          chequers_serial_rivers_small_b
D:10:     minmay_shrinking_squares, layout_long_grid, nicolae_overflows_in_rows,
          enter_trove_2, gammafunk_ghost_berserking_beasts
D:11:     minmay_the_grid_triangle_9x9_rhombus_thin
          [minmay_the_grid_triangle_9x9_tough_junction,
          minmay_the_grid_triangle_9x9_prize_center,
          minmay_the_grid_triangle_9x9_odd_lines,
          minmay_the_grid_triangle_9x9_corruption], layout_cave_pods,
          david_orc_2, uniq_erica
D:12:     layout_roguey, portal_ice_cave_entry_imps,
          nicolae_wu_jian_wuxing_cycle
D:13:     layout_gridville, uniq_josephine
D:14:     layout_basic, grunt_vaults_entry_fortified, serial_shops,
          shop_fountains, hangedman_decor_lopped, minivault_11
D:15:     hangedman_depths_entry_civil_slaughter, layout_cave_pods,
          hellmonk_okawaru_the_only_friend_you_need
Temple:   jpeg_temple_alley_garden
Lair:1:   layout_cave_pods, serial_rivers, chequers_serial_rivers_micro_d,
          chequers_serial_rivers_marsh, chequers_serial_rivers_large_a,
          chequers_serial_rivers_micro_d, chequers_serial_rivers_small_b,
          chequers_serial_rivers_room_a, pdpol_lair_neglected_garden,
          nicolae_lair_liquid_snakes, infiniplex_staircase_pool_2
Lair:2:   layout_regular_city, minmay_snake_entry_spellcaster,
          minmay_lair_oklob_bushes, lemuel_fruit_tree, uniq_urug
Lair:3:   layout_regular_city, skrybe_swamp_entry_bodies, grunt_megastairs_4,
          serial_bayou_shore_a, serial_bayou_shore_b, uniq_amaemon
Lair:4:   layout_misc_corridors, uniq_snorg
Lair:5:   minmay_lair_end_frog_pond, layout_long_grid, slime_entry_2,
          lemuel_oklob_altar, uniq_nessos
Swamp:1:  layout_basic_swamp, evilmike_swamp_ruin_house_4, swamp_pool5,
          uniq_nikola
Swamp:2:  layout_basic_swamp, evilmike_swamp_ruin_wall, swamp_pool3,
          infiniplex_staircase_pool, uniq_roxanne, uniq_louise, uniq_frances
Swamp:3:  layout_basic_swamp, hangedman_swamp_ruin_wall
Swamp:4:  swamp_pestilence, layout_basic_swamp, swamp_pool3
Snake:1:  layout_rooms, grunt_ministairs_1, st_stairs_12, nicolae_snake_springs,
          minmay_shoptagon
Snake:2:  layout_misc_corridors
Snake:3:  layout_chambers, serial_bayou_shore_b
Snake:4:  minmay_snake_end_coiled, layout_gridlike, serial_shops, shop
Slime:1:  layout_caves, cheibrodos_slime_lost_civilization_6
Slime:2:  layout_caves
Slime:3:  layout_caves, special_room [special_room_jelly]
Slime:4:  layout_caves, nicolae_slime_barrier,
          cheibrodos_slime_lost_civilization_7, uniq_dissolution
Slime:5
Orc:1:    layout_caves, hellmonk_ghost_happy_afterlife, uniq_maurice
Orc:2:    grunt_orc_gardens, layout_diamond_mine, grunt_orc_garden,
          grunt_orc_garden, grunt_orc_garden, grunt_orc_garden, serial_shops,
          shop, abandoned_shop, guppyfry_library_mini
Elf:1:    nicolae_elf_arrival_no_cutting_in_line, layout_geoelf_grid,
          serial_shops, shop, minmay_elf_sorcery, abandoned_shop,
          serial_sigils_hangedman_clutch, nrook_mini_backslash,
          minmay_shop_enchanted_jewellery, minivault_13
Elf:2:    nicolae_elf_blades_crystal_corner, layout_geoelf_grid
Elf:3:    nooodl_elf_gasket, layout_geoelf_octagon, uniq_saint_roka, uniq_zenata
Vaults:1: vaults_dpeg_encased_lava, nicolae_vaults_shipping_containers_6,
          vaults_standard_mumra_x, vaults_dpeg_hooks,
          nicolae_vaults_network_star, nicolae_vaults_network_square,
          nicolae_vaults_storage_closets_3, nicolae_vaults_little_squares_4,
          nicolae_vaults_closet_pinwheel_3, nicolae_vaults_circle_grid_b,
          nicolae_vaults_diagonal_hallway_8,
          nicolae_vaults_trapezoid_lopsided_1, nicolae_vaults_turnstiles,
          nicolae_vaults_house_2, nicolae_vaults_double_plus_1,
          ontoclasm_vaults_fault, nicolae_vaults_house_1,
          layout_vaults_omnicross
Vaults:2: advil_vaults_ghost_guards, v_rooms_4, vaults_room_door_ring,
          v_pattern_4, nicolae_vaults_layer_cake_slice,
          nicolae_vaults_an_arrangement, ontoclasm_vaults_ring_square,
          nicolae_vaults_little_squares_2, v_misc_22, v_misc_5,
          vaults_dpeg_ring, vaults_room_fours, vaults_dpeg_emergency_exit,
          ontoclasm_vaults_chip, nicolae_vaults_sightless_eye,
          layout_vaults_omnigrid, serial_shops, nicolae_shop_rolling_square,
          nicolae_shop_industrial_runoff, shop, nicolae_shop_crystal, shop
Vaults:3: nicolae_vaults_inception_scallops,
          nicolae_vaults_shipping_containers_3, v_misc_31,
          grunt_vaults_trifunnel, grunt_vaults_twisty,
          nicolae_vaults_border_crossing, nicolae_vaults_little_ls,
          nicolae_vaults_circle_grid_b, v_misc_23, layout_vaults_big_room,
          uniq_bai_suzhen
Vaults:4: nicolae_vaults_closet_pinwheel_1, v_misc_2, hangedman_vaults_stream,
          dpeg_vaults_monster_row, grunt_vaults_focal, v_rooms_4,
          nicolae_vaults_trapezoid_lopsided_2, nicolae_vaults_cornered_office,
          nicolae_vaults_diamond_1, nicolae_vaults_angled_halls,
          nicolae_vaults_layer_cake_slice, nicolae_vaults_two_Ls, serial_ice_g,
          ontoclasm_vaults_pinch, layout_vaults_maze
Vaults:5
Depths:1: layout_big_octagon, hell_entry, minmay_strange_pillars, minislime_mu,
          nicolae_triple_integral, grunt_megastairs_1, uniq_enchantress
Depths:2: minmay_polygon_palace, layout_gridlike, grunt_hell_entry_dis_old,
          minmay_room_of_horrors, grunt_pan_entry_in_and_out,
          infiniplex_staircase_pillars_1
Depths:3: minmay_dotted_concentric_squares, layout_basic, enter_ziggurat_e,
          hangedman_abyss_entry_splay, minmay_misc_feat_tower,
          pf_vacation_house_of_asmodeus, firewood_loft, uniq_boris
Depths:4: grunt_bruiser_brothers, layout_long_grid, ebering_ghost_disaster_area,
          nicolae_uskayaw_suspiria, abyss_entry, grunt_mini_vestibule,
          skrybe_limestone_x
Hell
Zot:1:    gammafunk_the_bubble [the_bubble_gammafunk_roulette],
          layout_misc_corridors, evilmike_ambush [evilmike_ambush_outer_basic,
          evilmike_ambush_inner_pond]
Zot:2:    layout_concentric_octagons, hangedman_player_shredder,
          grunt_megastairs_2

Skill      XL: |  1  2  3  4  5  6  7  8  9 10 11 12 13 14 15 16 17 18 19 20 21 22 23 24 25 |
---------------+----------------------------------------------------------------------------+-----
Earth Magic    | 4 5 6 7 9 10 12 13 15 16 17 19 20 21 22 23 | 23.3
Fighting       | 1 2 3 4 5 6 7 8 9 10 11 12 13 14 15 16 17 | 17.8
Poison Magic   | 1 2 3 4 6 7 8 9 |  9.9
Stealth        | 3 4 6 8 9 10 11 12 | 12.0
Air Magic      | 1 2 3 4 |  4.0
Conjurations   | 2 3 4 6 7 8 9 10 11 12 13 14 15 16 18 19 | 19.8
Spellcasting   | 3 4 5 6 7 8 9 10 11 | 11.5
Short Blades   | 2 3 4 5 6 7 |  7.0
Dodging        | 2 3 4 6 |  6.1
Armour         | 2 4 5 6 7 8 9 10 | 10.3
Invocations    | 4 6 9 10 11 12 13 | 13.1
Evocations     | 3 5 7 8 9 10 11 | 11.0
Shields        | 4 6 8 10 12 14 15 16 | 16.0
Transmutations | 3 4 6 |  6.0
Fire Magic     | 4 |  4.5
Polearms       | 3 7 9 11 | 11.6
Translocations | 2 5 6 7 |  7.0

Action                     |  1- 3 |  4- 6 |  7- 9 | 10-12 | 13-15 | 16-18 | 19-21 | 22-24 | 25-27 || total
---------------------------+-------+-------+-------+-------+-------+-------+-------+-------+-------++-------
  Melee: Unarmed           |    12 |       |       |       |       |       |       |       |       ||    12
         Quarterstaff      |     3 |       |       |       |       |       |       |       |       ||     3
         Short sword       |       |    15 |    51 |   184 |   277 |  1220 |   818 |    64 |       ||  2629
         Punch             |       |       |     1 |     1 |     4 |    22 |    15 |       |       ||    43
         Trident           |       |       |       |       |       |       |       |  1128 |   400 ||  1528
         Bite              |       |       |       |       |       |       |       |    28 |    80 ||   108
   Cast: Sandblast         |    53 |    82 |    86 |   200 |   574 |   629 |   642 |   114 |    23 ||  2403
         Poisonous Vapours |       |     3 |    27 |    19 |     5 |    11 |    15 |    67 |     1 ||   148
         Stone Arrow       |       |       |    52 |   131 |   455 |   626 |   209 |    18 |       ||  1491
         Mephitic Cloud    |       |       |     2 |     7 |     6 |     2 |       |       |       ||    17
         Olgreb's Toxic Ra |       |       |       |       |    14 |    25 |    63 |    85 |    23 ||   210
         Ignite Poison     |       |       |       |       |       |    15 |    92 |   139 |    25 ||   271
         Swiftness         |       |       |       |       |       |     3 |     1 |       |       ||     4
         Iron Shot         |       |       |       |       |       |     4 |   117 |   307 |   197 ||   625
         Passwall          |       |       |       |       |       |       |       |     8 |       ||     8
         Blink             |       |       |       |       |       |       |       |     5 |       ||     5
         Irradiate         |       |       |       |       |       |       |       |    25 |     9 ||    34
         Lehudib's Crystal |       |       |       |       |       |       |       |       |     3 ||     3
 Invoke: Greater Servant o |       |       |       |       |       |     5 |     9 |     6 |     2 ||    22
         Major Destruction |       |       |       |       |       |     2 |     1 |     2 |       ||     5
         Lesser Servant of |       |       |       |       |       |       |     1 |       |       ||     1
  Evoke: Wand              |       |       |       |     1 |     2 |    15 |    20 |    20 |       ||    58
         Phantom mirror    |       |       |       |       |       |     1 |     1 |     3 |       ||     5
         Lightning rod     |       |       |       |       |       |     4 |     4 |     8 |       ||    16
         Tin of tremorston |       |       |       |       |       |       |     2 |       |     1 ||     3
         Box of beasts     |       |       |       |       |       |       |     1 |     3 |       ||     4
    Use: Scroll            |       |       |     7 |    11 |    14 |     8 |    16 |     8 |     4 ||    68
         Potion            |       |       |     2 |       |       |     5 |    15 |    17 |     6 ||    45
   Stab: Sleeping          |       |     1 |       |       |       |       |       |     1 |       ||     2
         Petrified         |       |       |       |       |     2 |       |       |       |       ||     2
         Confused          |       |       |       |       |     2 |       |       |       |       ||     2
         Distracted        |       |       |       |       |       |     2 |       |     1 |     4 ||     7
         Invisible         |       |       |       |       |       |       |     2 |       |       ||     2
 Armour: Robe              |    17 |    11 |    45 |       |       |       |       |       |       ||    73
         Pearl dragon scal |       |       |       |   265 |   792 |  1789 |   975 |  1099 |   424 ||  5344
  Dodge: Dodged            |    19 |    21 |    82 |   185 |   871 |  1571 |   755 |   960 |   447 ||  4911
  Block: Other             |       |     9 |    26 |    88 |    76 |       |       |       |       ||   199
         Reflection        |       |       |       |     3 |     4 |       |       |       |       ||     7
         Kite shield       |       |       |       |       |       |       |   673 |  1555 |   548 ||  2776
